Map: Sludge City

Players

ctuijk - Winner!

  • Race: Terran Terran
  • League: Gold
  • Spawn Location: 5:00

TRungrY - Winner!

  • Race: Protoss Protoss
  • Spawn Location: 5:00

Grumm

  • Race: Zerg Zerg
  • League: Gold
  • Spawn Location: 9:00

Laccery

  • Race: Protoss Protoss
  • Spawn Location: 11:00

VOD

Have the link to the VOD?

Description

Time

  • Played on: Feb. 3, 2016, 5:25 p.m.
  • Length: 14:54
Show
View Real Time Build Order
Export as new Build Order

ctuijk Terran - Winner!

Build Orders: Liberator Opening, Reaper Expand, MMM Bio 

Get SALT Encoding   

  12  0:00  SCV  
  13  0:13  SCV  
  14  0:18  Supply Depot  
  14  0:25  SCV  
  15  0:40  SCV  
  15  0:41  Barracks  
  16  0:48  Refinery  
  16  0:52  SCV  
  17  1:04  SCV  
  18  1:16  SCV  
  19  1:29  Orbital Command  
  19  1:31  Reaper  
  20  1:53  Command Center  
  20  2:03  SCV  
  21  2:10  Refinery  
  21  2:11  Supply Depot  
  21  2:12  Barracks Reactor  
  21  2:19  SCV  
  22  2:31  SCV  
  22  2:34  Factory  
  22  2:45  SCV  
  23  2:53  Barracks  
  23  2:57  SCV  
  23  3:01  Marine x2  
  25  3:06  Orbital Command  
  25  3:09  SCV  
  26  3:20  Starport  
  26  3:22  SCV  
  27  3:32  Hellion  
  27  3:34  SCV, Hellion  
  30  3:38  SCV  
  33  3:43  Barracks Tech Lab  
  33  3:44  Engineering Bay  
  33  3:46  Liberator, SCV  
  34  3:50  SCV  
  35  3:57  Barracks  
  35  3:58  SCV  
  35  4:02  SCV  
  37  4:07  Barracks  
  40  4:10  SCV  
  40  4:13  Stimpack  
  40  4:14  SCV  
  42  4:17  Supply Depot  
  42  4:22  SCV  
  43  4:26  SCV  
  44  4:34  SCV  
  44  4:38  SCV  
  45  4:46  SCV  
  45  4:49  Marine  
  45  4:50  SCV  
  45  4:51  Barracks Reactor  
  48  4:54  Barracks  
  48  4:57  Barracks Reactor  
  48  4:58  SCV, Barracks  
  48  4:59  Medivac  
  51  5:01  Widow Mine  
  51  5:03  SCV  
  54  5:10  Missile Turret  
  54  5:17  Refinery  
  54  5:18  Refinery  
  54  5:19  Missile Turret  
  54  5:20  Supply Depot  
  54  5:31  Missile Turret  
  54  5:32  Missile Turret  
  54  5:42  Marine x4, SCV x2  
  60  6:00  Marine  
  60  6:02  Marine  
  60  6:03  Marine x3  
  60  6:04  Barracks Reactor  
  60  6:05  SCV  
  60  6:06  SCV  
  60  6:09  Barracks  
  62  6:12  Engineering Bay  
  62  6:18  SCV  
  62  6:20  SCV  
  61  6:26  Marine  
  62  6:35  Supply Depot  
  62  6:37  Supply Depot  
  62  6:44  Armory  
  62  6:48  Starport Reactor  
  62  6:51  Starport  
  62  6:53  Combat Shields  
  62  6:56  Marine, SCV  
  62  6:57  Marauder  
  62  6:59  Terran Infantry Weapons Level 1  
  66  7:02  SCV  
  67  7:12  Supply Depot  
  67  7:18  Marauder  
  63  7:31  Marine  
  63  7:32  Marine  
  63  7:35  Marine  
  63  7:36  Marine  
  67  7:37  Barracks Tech Lab  
  67  7:39  Starport Reactor, Barracks Reactor  
  67  7:40  Command Center, Marauder  
  67  7:41  Viking x2  
  67  7:42  Marine x2  
  75  7:49  Marine  
  75  7:50  Terran Infantry Armor Level 1, Marine  
  76  7:53  Marine, SCV x2  
  79  8:01  Marauder, Supply Depot  
  79  8:02  Widow Mine x2  
  85  8:05  SCV  
  85  8:12  Concussive Shells  
  86  8:21  Sensor Tower  
  86  8:22  Supply Depot  
  86  8:23  Viking, Marine, SCV x2, Marauder  
  86  8:25  Missile Turret  
  93  8:27  Supply Depot  
  93  8:33  Marine  
  94  8:44  Medivac, Marauder, Marine, SCV  
  94  8:45  Marauder  
  94  8:46  Supply Depot  
  102  8:49  Supply Depot  
  102  8:54  Widow Mine x2  
  106  9:04  Supply Depot  
  106  9:06  Marauder  
  106  9:08  Supply Depot, Terran Infantry Weapons Level 2  
  105  9:22  Widow Mine  
  100  9:28  Supply Depot  
  100  9:30  Supply Depot  
  98  9:31  Medivac x2  
  98  9:32  Marine x2  
  98  9:33  Marauder x2  
  107  9:53  Marine x2  
  107  9:54  Medivac x2  
  113  10:04  SCV  
  114  10:17  Supply Depot  
  114  10:20  SCV  
  115  10:23  Supply Depot, Missile Turret  
  115  10:30  Widow Mine x2  
  115  10:34  SCV  
  115  10:35  Planetary Fortress  
  120  10:36  SCV  
  120  10:40  Supply Depot  
  121  10:42  Supply Depot  
  121  10:46  SCV  
  121  10:48  Refinery, SCV  
  121  10:49  Refinery  
  123  10:55  Supply Depot  
  123  10:58  Terran Infantry Armor Level 2  
  123  11:10  Command Center  
  123  11:12  SCV  
  123  11:17  SCV  
  125  11:18  Widow Mine x2  
  129  11:29  Missile Turret  
  129  11:47  Widow Mine x2  
  129  11:48  Terran Infantry Weapons Level 3  
  129  11:49  Missile Turret  
  133  12:00  Marauder, Marine  
  116  12:16  Marauder, Marine x2  
  116  12:20  Marine  
  116  12:21  Marine  
  116  12:22  Marauder  
  113  12:38  Marauder  
  113  12:43  Marauder, Marine x2  
  112  12:45  Marine x6  
  116  12:59  Marauder  
  116  13:01  Missile Turret, Marine x2  
  116  13:03  Marine x6  
  116  13:04  Marauder  
  116  13:15  Refinery x2  
  116  13:19  Marine x2  
  118  13:20  Marine x2  
  120  13:35  Orbital Command  
  120  13:39  Marine x3  
  120  13:40  Marauder x2  
  127  13:42  Widow Mine  
  129  13:59  Refinery x2  
  129  14:00  Marine  
  129  14:01  Marauder  
  130  14:25  Marauder, Marine x2  
  130  14:26  Marauder  
Show
View Real Time Build Order
Export as new Build Order

TRungrY Protoss - Winner!

Build Orders: 1 Gate Expand 

Get SALT Encoding   

  12  0:14  Probe (Chrono Boost)  
  13  0:18  Pylon  
  13  0:24  Probe (Chrono Boost)  
  14  0:35  Probe (Chrono Boost)  
  15  0:37  Gateway  
  15  0:45  Probe (Chrono Boost)  
  16  0:52  Assimilator  
  16  0:56  Probe (Chrono Boost)  
  17  1:06  Probe (Chrono Boost)  
  18  1:17  Nexus  
  18  1:28  Cybernetics Core  
  18  1:34  Pylon  
  18  1:36  Probe (Chrono Boost)  
  19  1:44  Assimilator  
  19  1:46  Probe (Chrono Boost)  
  20  1:57  Probe (Chrono Boost)  
  21  2:04  Assimilator  
  21  2:14  Gateway  
  21  2:16  Probe (Chrono Boost)  
  22  2:26  Probe (Chrono Boost), Stalker  
  25  2:48  Mothership Core (Chrono Boost), Gateway  
  27  2:58  Zealot  
  29  3:02  Probe (Chrono Boost)  
  29  3:04  Warp Gate (Chrono Boost)  
  29  3:05  Zealot  
  32  3:10  Pylon  
  32  3:14  Probe x2 (Chrono Boost)  
  34  3:24  Probe (Chrono Boost)  
  34  3:25  Probe (Chrono Boost)  
  36  3:37  Nexus  
  36  3:39  Probe (Chrono Boost)  
  36  3:40  Probe (Chrono Boost)  
  38  3:46  Stalker  
  40  3:51  Stalker  
  40  3:54  Probe  
  43  3:56  Probe  
  44  4:04  Stargate  
  44  4:06  Probe  
  45  4:15  Probe  
  46  4:17  Pylon  
  46  4:22  Stalker x2  
  50  4:26  Probe  
  51  4:44  Probe  
  51  4:45  Robotics Facility, Probe  
  53  4:48  Forge  
  53  4:54  Probe x2  
  53  4:57  Probe  
  56  5:00  Assimilator  
  56  5:04  Assimilator, Probe  
  56  5:05  Probe  
  58  5:09  Probe  
  58  5:13  Phoenix (Chrono Boost)  
  61  5:15  Probe x2  
  63  5:21  Probe  
  63  5:24  Photon Cannon  
  63  5:26  Photon Cannon  
  63  5:27  Photon Cannon  
  63  5:35  Photon Cannon  
  63  5:37  Observer (Chrono Boost)  
  55  6:02  Probe x2  
  55  6:03  Probe  
  58  6:12  Probe x2  
  58  6:15  Probe  
  61  6:23  Probe x2  
  63  6:27  Stalker  
  63  6:28  Stalker x2  
  63  6:31  Protoss Ground Weapons Level 1  
  63  6:32  Probe  
  70  6:33  Probe x2  
  72  6:44  Assimilator, Probe x3  
  75  6:55  Probe x2  
  77  7:01  Robotics Bay  
  77  7:03  Forge, Pylon  
  77  7:07  Pylon  
  77  7:26  Immortal (Chrono Boost)  
  81  7:31  Robotics Facility  
  81  7:33  Twilight Council  
  81  7:34  Stalker x3  
  81  7:36  Gateway  
  87  7:40  Pylon  
  87  7:43  Pylon  
  87  7:48  Protoss Ground Armor Level 1  
  87  7:59  Colossus (Chrono Boost)  
  87  8:00  Assimilator  
  87  8:02  Probe x2  
  95  8:06  Zealot x3  
  101  8:13  Dark Shrine  
  101  8:21  Gateway  
  101  8:25  Gateway  
  101  8:29  Zealot x3  
  107  8:36  Protoss Ground Weapons Level 2 (Chrono Boost)  
  107  9:04  Pylon  
  107  9:06  Pylon  
  107  9:08  Pylon  
  107  9:14  Pylon  
  107  9:21  Pylon  
  107  9:22  Pylon  
  107  9:23  Colossus (Chrono Boost)  
  113  9:30  Nexus  
  119  9:32  Colossus (Chrono Boost)  
  119  9:38  Phoenix  
  121  9:39  Probe x2  
  121  9:40  Probe, Photon Cannon  
  124  9:47  Pylon  
  124  9:49  Pylon  
  121  9:53  Probe  
  122  10:03  Phoenix  
  124  10:07  Colossus (Chrono Boost)  
  124  10:11  Assimilator  
  130  10:15  Assimilator  
  130  10:17  Protoss Shields Level 1 (Chrono Boost)  
  130  10:20  Colossus (Chrono Boost)  
  136  10:21  Fleet Beacon  
  136  10:22  Stalker x3  
  136  10:23  Stalker x3  
  136  10:25  Probe x2  
  136  10:27  Probe  
  136  10:28  Phoenix  
  153  10:37  Probe x2  
  153  10:39  Probe  
  156  10:44  Probe  
  156  10:48  Colossus  
  156  10:49  Probe x2  
  159  10:54  Pylon  
  159  10:56  Dark Templar x3  
  171  11:00  Zealot x3  
  177  11:09  Archon  
  177  11:20  Dark Templar x2  
  177  11:21  Dark Templar  
  167  11:47  Dark Templar  
  167  11:48  Dark Templar x2  
  167  11:49  Probe x3  
  167  11:53  Gateway  
  170  11:56  Gateway  
  170  12:11  Phoenix  
  170  12:12  Nexus  
  170  12:14  Dark Templar x3  
  178  12:16  Pylon  
  178  12:20  Dark Templar  
  178  12:21  Dark Templar x2  
  164  12:33  Probe  
  164  12:34  Probe  
  164  12:35  Probe x2  
  164  12:36  Phoenix  
  170  12:43  Fleet Beacon  
  170  12:44  Stargate  
  170  12:45  Probe  
  170  12:47  Probe x3  
  170  12:50  Photon Cannon  
  169  12:53  Photon Cannon  
  158  12:59  Probe  
  158  13:01  Phoenix  
  158  13:04  Archon x5  
  158  13:05  Archon  
  161  13:06  Dark Templar x2  
  161  13:07  Probe, Dark Templar  
  161  13:08  Probe x2  
  161  13:11  Probe  
  171  13:20  Probe x2  
  171  13:22  Dark Templar x2  
  171  13:26  Archon  
  151  14:28  Dark Templar x6  
  151  14:29  Dark Templar x2  
  151  14:30  Probe  
  167  14:32  Probe x3  
Show
View Real Time Build Order
Export as new Build Order

Grumm Zerg 

Build Orders: Hatch First 

Get SALT Encoding   

  12  0:01  Drone  
  13  0:33  Hatchery  
  13  0:34  Drone  
  13  0:43  Drone  
  13  0:47  Overlord  
  14  1:07  Spawning Pool  
  14  1:08  Drone  
  14  1:23  Drone  
  14  1:24  Drone x2  
  17  1:29  Extractor  
  17  1:31  Extractor  
  15  1:53  Hatchery  
  14  2:09  Zergling x6  
  14  2:10  Zergling x2  
  18  2:18  Drone x2  
  20  2:55  Drone  
  20  2:56  Drone x5  
  26  2:59  Queen  
  26  3:04  Queen  
  30  3:06  Queen  
  30  3:09  Overlord  
  30  3:12  Overlord  
  32  3:25  Extractor  
  31  3:37  Zergling x14  
  38  4:00  Drone x7  
  45  4:09  Lair  
  45  4:10  Roach Warren  
  44  4:21  Drone x6  
  44  4:22  Overlord  
  49  4:41  Spore Crawler  
  49  4:43  Spore Crawler  
  49  4:45  Spine Crawler  
  44  4:57  Zergling x16  
  44  4:58  Spine Crawler, Zergling x10  
  56  5:18  Metabolic Boost, Glial Reconstitution  
  56  5:22  Overlord x3  
  56  5:39  Spore Crawler  
  55  5:49  Drone  
  57  5:50  Drone x13  
  69  6:09  Roach x6  
  81  6:11  Overlord  
  81  6:16  Spore Crawler  
  80  6:26  Spire  
  79  6:42  Overlord x2  
  79  6:44  Drone  
  79  6:45  Drone x6  
  86  6:48  Extractor  
  86  6:50  Extractor  
  84  7:04  Zergling x2  
  84  7:05  Zergling x16  
  93  7:23  Roach x5  
  100  7:43  Drone x4  
  104  7:49  Extractor  
  103  8:12  Hatchery  
  102  8:16  Mutalisk  
  102  8:18  Overlord x3  
  102  8:19  Overlord  
  104  8:29  Zerg Flyer Weapons Level 1  
  104  8:35  Infestation Pit  
  104  8:40  Mutalisk x8  
  104  8:41  Mutalisk x5  
  100  9:27  Mutalisk x8  
  100  9:28  Mutalisk  
  96  10:02  Evolution Chamber, Roach x12  
  96  10:03  Evolution Chamber  
  96  10:04  Tunneling Claws  
  118  10:30  Hive  
  118  10:34  Overlord x3  
  118  10:41  Drone  
  118  10:42  Drone x6  
  125  10:43  Drone x5  
  130  10:56  Pneumatized Carapace, Zerg Flyer Armor Level 1  
  130  11:00  Zergling x2  
  130  11:01  Zergling x14  
  138  11:23  Corruptor x9  
  156  11:27  Overseer  
  156  11:29  Overseer  
  140  12:23  Roach  
  140  12:24  Roach x5, Viper  
  140  12:25  Viper x3  
  140  13:16  Ultralisk Cavern  
  139  13:20  Extractor  
  139  13:22  Extractor  
  66  14:04  Ultralisk x2  
Show
View Real Time Build Order
Export as new Build Order

Laccery Protoss 

Build Orders: Blink Stalkers, Dark Templar Rush 

Get SALT Encoding   

  12  0:01  Probe (Chrono Boost)  
  13  0:12  Probe (Chrono Boost)  
  14  0:19  Pylon  
  14  0:23  Probe (Chrono Boost)  
  15  0:37  Gateway  
  15  0:47  Probe (Chrono Boost)  
  16  0:57  Assimilator, Probe (Chrono Boost)  
  16  1:02  Assimilator  
  17  1:08  Probe (Chrono Boost)  
  18  1:18  Probe (Chrono Boost)  
  19  1:29  Probe (Chrono Boost)  
  19  1:30  Cybernetics Core  
  21  1:40  Probe (Chrono Boost)  
  21  1:57  Nexus  
  21  2:10  Twilight Council  
  21  2:17  Mothership Core (Chrono Boost)  
  21  2:21  Warp Gate (Chrono Boost)  
  22  2:35  Probe (Chrono Boost)  
  22  2:46  Probe (Chrono Boost)  
  23  2:51  Pylon  
  23  3:08  Stalker  
  23  3:09  Probe  
  23  3:10  Probe  
  27  3:21  Dark Shrine  
  27  3:23  Probe  
  27  3:24  Probe  
  29  3:36  Probe  
  29  3:38  Probe  
  31  3:46  Blink (Chrono Boost)  
  31  3:48  Stalker  
  31  3:49  Probe  
  31  3:50  Probe  
  35  4:00  Gateway  
  35  4:02  Gateway  
  35  4:04  Probe  
  35  4:08  Probe  
  36  4:16  Probe  
  38  4:19  Probe  
  39  4:25  Pylon  
  39  4:36  Dark Templar  
  41  4:45  Pylon, Probe  
  41  4:47  Probe  
  43  5:04  Dark Templar x2  
  47  5:17  Dark Templar  
  47  5:21  Probe  
  49  5:22  Probe  
  49  5:26  Pylon  
  51  5:31  Probe  
  51  5:34  Probe  
  48  5:38  Stalker x2  
  48  5:41  Pylon  
  51  5:55  Pylon  
  51  6:01  Probe  
  51  6:02  Probe  
  47  6:14  Probe  
  47  6:16  Probe  
  47  6:28  Probe  
  48  6:40  Stalker x2  
  48  6:41  Pylon, Probe  
  48  6:42  Zealot  
  48  6:43  Probe  
  48  6:45  Assimilator  
  56  6:48  Assimilator  
  56  6:56  Pylon  
  56  7:07  Pylon  
  56  7:17  Stalker  
  56  7:19  Zealot x2  
  62  7:27  Nexus  
  62  7:28  Gateway  
  62  7:31  Gateway  
  62  7:34  Forge  
  62  7:36  Forge, Nexus  
  62  7:38  Pylon  
  62  7:41  Probe  
  62  7:42  Probe, Gateway x2  
  62  7:43  Pylon  
  64  7:46  Pylon  
  64  7:53  Pylon  
  64  7:54  Probe  
  64  7:57  Zealot x3, Protoss Ground Weapons Level 1 (Chrono Boost)  
  64  7:58  Protoss Ground Armor Level 1 (Chrono Boost)  
  71  8:25  Zealot x3  
  77  8:28  Probe x2  
  77  8:30  Charge (Chrono Boost)  
  79  8:35  Pylon  
  79  8:38  Pylon  
  79  8:39  Stalker x2  
  79  8:40  Probe x2  
  79  8:41  Assimilator  
  85  8:43  Assimilator  
  85  8:47  Robotics Facility  
  85  8:51  Robotics Facility  
  85  8:56  Pylon  
  85  8:57  Probe x2  
  85  8:59  Pylon  
  87  9:03  Dark Templar x2  
  87  9:30  Stalker x2  
  87  9:31  Stalker x3  
  97  9:43  Immortal  
  97  9:44  Observer  
  102  10:06  Zealot  
  102  10:07  Zealot x5  
  106  10:08  Zealot  
  106  10:11  Immortal  
  120  10:17  Robotics Bay  
  120  10:20  Archon  
  120  10:26  Assimilator  
  120  10:29  Dark Templar  
  120  10:30  Assimilator, Dark Templar  
  120  10:35  Dark Templar  
  126  10:37  Dark Templar  
  126  10:39  Probe  
  126  10:40  Probe x3  
  132  10:49  Probe  
  132  10:51  Protoss Ground Weapons Level 2, Probe  
  132  10:52  Probe x2  
  136  10:58  Protoss Ground Armor Level 2, Dark Templar  
  136  10:59  Dark Templar  
  136  11:00  Archon, Probe  
  136  11:01  Archon  
  136  11:03  Dark Templar  
  143  11:04  Probe x3  
  146  11:26  Probe x2  
  146  11:27  Probe x2  
  147  11:39  Probe  
  86  11:58  Stalker  
  86  11:59  Stalker x3  
  86  12:00  Stalker x3  
  100  12:10  Colossus x2  
  94  12:24  Zealot x3  
  94  12:25  Zealot x4  
  88  12:47  Zealot x2  
  88  12:48  Zealot x2  
  88  12:49  Stalker x3  
  86  13:03  Disruptor x2  
  89  13:05  Probe  
  89  13:06  Probe  
  89  13:07  Probe x2  
  91  13:16  Probe x2  
  91  13:19  Probe x2  
  91  13:26  Probe  
  91  13:31  Probe x2  
  93  13:35  Dark Templar x2  
  93  13:36  Dark Templar x3  
  93  13:39  Colossus  
  93  13:40  Observer  
  99  13:49  Dark Templar x2  
  58  14:12  Stalker x3  
  58  14:13  Stalker x2  
Tags
 
Add a new tag
Caveats
  • Supply blocks, unpowered buildings, or Contaminate may cause inaccurate times.
  • Supply counts are checked every 10 seconds.